 Dungeon Crawl Stone Soup version 0.30-a0-219-gf2db51d15e (console) character file.

Game seed: 8353511142017620618

107966 jejorda2 the Phalangite (level 16, -2/127 (131) HPs)
             Began as a Merfolk Berserker on Oct 6, 2022.
             Was the Champion of Trog.
             Killed by divine providence
             ... invoked by an orc priest
              (12 damage)
             ... on level 2 of the Orcish Mines.
             The game lasted 01:05:21 (22234 turns).

jejorda2 the Phalangite (Merfolk Berserker)        Turns: 22234, Time: 01:05:22

HP:   -2/127 (131)  AC: 21    Str: 19    XL:     16   Next: 48%
MP:   5/5           EV: 22    Int:  7    God:    Trog [******]
Gold: 2410          SH:  0    Dex: 19    Spells: 15/15 levels left

rFire   + + .      SeeInvis .    b - +6 bardiche (antimagic)
rCold   . . .      Faith    .    (shield currently unavailable)
rNeg    + . .      Spirit   .    y - +3 ring mail of Caewed {rF++ rN+}
rPois   +          Reflect  .    f - +2 helmet
rElec   +          Harm     .    d - +2 cloak
rCorr   .          Rampage  .    Y - +2 pair of gloves
Will    +++..                    c - +0 pair of boots
Stlth   +.........               M - amulet of the Priest {rElec Regen+}
HPRegen 2.21/turn                i - +4 ring of evasion
MPRegen 0.09/turn                F - ring of poison resistance

@: marked, strong-willed, regenerating, lightly drained
A: (nimble swimmer 2), mertail
a: Renounce Religion, Berserk, Trog's Hand, Brothers in Arms


You were on level 2 of the Orcish Mines.
You worshipped Trog.
Trog was exalted by your worship.
You visited 3 branches of the dungeon, and saw 22 of its levels.
You also visited: Ossuary.

You collected 2446 gold pieces.
You spent 36 gold pieces at shops.

Inventory:

Hand Weapons
 a - a +2 vampiric demon trident
 b - a +6 antimagic bardiche (weapon)
Missiles
 n - 3 silver boomerangs
 p - 27 poisoned darts (quivered)
 q - 3 boomerangs of dispersal
 G - 6 curare-tipped darts
 H - 4 silver javelins
 I - 4 throwing nets
 N - 12 boomerangs
 V - 9 atropa-tipped darts
 W - 10 javelins
Armour
 c - a +0 pair of boots (worn)
 d - a +2 cloak (worn)
 f - a +2 helmet (worn)
 y - the +3 ring mail of Caewed (worn) {rF++ rN+}
   (You found it on level 5 of the Dungeon)

   rF:        It greatly protects you from fire.
   rN:        It protects you from negative energy.
 Y - a +2 pair of gloves (worn)
Jewellery
 i - a +4 ring of evasion (left hand)
 r - a ring of see invisible
 F - a ring of poison resistance (right hand)
 M - the amulet of the Priest (around neck) {rElec Regen+}
   (You found it on level 13 of the Dungeon)

   [amulet of regeneration]

   rElec:     It insulates you from electricity.
   Regen:     It increases your rate of health regeneration.
 O - a ring of positive energy
 P - a ring of resist corrosion
Wands
 o - a wand of flame (45)
 E - a wand of paralysis (14)
 Q - a wand of mindburst (18)
 R - a wand of acid (7)
 T - a wand of iceblast (9)
 X - a wand of digging (4)
Scrolls
 e - 9 scrolls of immolation
 g - 6 scrolls of magic mapping
 h - 6 scrolls of teleportation
 j - 5 scrolls of butterflies
 s - 11 scrolls of identify
 v - 6 scrolls of fear
 x - 4 scrolls of brand weapon
 C - 3 scrolls of enchant weapon
 D - a scroll of enchant armour
 S - a scroll of silence
Potions
 k - 7 potions of might
 l - a potion of flight
 m - 2 potions of berserk rage
 t - 12 potions of curing
 u - 2 potions of haste
 w - 8 potions of heal wounds
 z - 2 potions of invisibility
 A - 3 potions of ambrosia
 B - 3 potions of mutation
 K - a potion of lignification
 L - 4 potions of attraction
Miscellaneous
 U - a lightning rod (4/4)


   Skills:
 - Level 13.3 Fighting
 + Level 21.1 Polearms
 - Level 16.0 Throwing
 - Level 7.9 Armour
 - Level 10.9 Dodging
 - Level 6.0 Evocations


You had 15 spell levels left.
You didn't know any spells.
Your spell library was empty.

Dungeon Overview and Level Annotations

Branches:
Dungeon (15/15)            Temple (0/1) D:7            Lair (5/5) D:11
 Shoals (0/4) Lair:3        Snake (0/4) Lair:3        Slime (0/5) Lair:5
    Orc (2/2) D:12            Elf (0/3) Orc:2        Vaults (0/5) D:14
 Depths (0/4) D:15        Ossuary (visited)

Altars:
Ashenzari
Cheibriados
Dithmenos
Elyvilon
Hepliaklqana
Kikubaaqudgha
Makhleb
Nemelex Xobeh
Okawaru
Qazlal
Uskayaw
Wu Jian
Xom
Zin
The Shining One
Jiyva

Shops:
D:14 (   Orc:1 *

Annotations:
Orc:2 1 runed translucent door, HypermagicGuardian's ghost, journeyman MiFi


Innate Abilities, Weirdness & Mutations

((You are very nimble when in or above water. (Stealth+, EV+, Speed+++)))
Your lower body shifts to a powerful aquatic tail in water.


Message History

The orc priest mumbles some strange prayers to Beogh against you.
Beogh smites you!
An ogre comes into view. It is wielding a +0 giant club.
The orc priest casts a cantrip, but nothing happens.
The orc priest invokes the aid of Beogh against you.
Beogh smites you! Something hits you.
The orc priest hits you but does no damage.
Your skin crawls.
You feel strong-willed. The warg closely misses you.
The warg attacks as you move away! The warg bites you.
Something hits you but does no damage.
You hear some strange, mumbled words.
A puff of flame appears from out of thin air!
The puff of flame misses you. The warg barely misses you.
A puff of flame appears from out of thin air!
The puff of flame misses you.
The orc sorcerer points at you and mumbles some strange words.
The bolt of fire misses you.
The orc priest calls down the wrath of Beogh upon you.
Beogh smites you! The warg attacks as you move away! The warg misses you.
The orc priest calls down the wrath of Beogh upon you.
Beogh smites you!
The orc priest mumbles some strange prayers to Beogh against you.
Beogh smites you!
* * * LOW HITPOINT WARNING * * *
The orc sorcerer casts a spell at you. The bolt of negative energy hits you!
You partially resist.
You feel drained.
* * * LOW HITPOINT WARNING * * *
The orc priest mumbles some strange prayers to Beogh against you.
Beogh smites you!
* * * LOW HITPOINT WARNING * * *
The warg attacks as you move away! The warg closely misses you.
The warg completely misses you.
The orc sorcerer casts a spell.
The orc priest invokes the aid of Beogh against you.
Beogh smites you!
You die...

### ## ##.####.####.#
...##...#.....
#...#..........
#@..........#..
#.ho...........
#####.............
##..##..o.o........
#.......3oo........
##.....#.o..)......
###........o#O)......
##.##......).)#)......
#>.............)......


You could see a sixfirhy (summoned), a warg, an orc sorcerer, an orc warrior, an
ogre, 4 orc priests and an orc wizard.

Vanquished Creatures
  Jorgrun (D:12)
  Rupert (D:13)
  Roxanne (D:14)
  An orc warlord (Orc:2)
  A stone giant (D:15)
  Azrael (D:12)
  A fire dragon (D:15)
  Josephine (D:12)
  The ghost of Uloiphit the Geomancer, a journeyman GrEE of Gozag (D:11)
  Erolcha (D:11)
  A hydra (Lair:1)
  Harold (Lair:1)
  4 catoblepae (Lair:5)
  2 ogre magi
  6 centaur warriors
  Erica (D:9)
  18 two-headed ogres
  5 boulder beetles
  3 tengu warriors (D:15)
  13 death yaks
  An orc high priest (Orc:2)
  Nergalle (Lair:3)
  Urug (Lair:3)
  A skeletal warrior (D:14)
  A deep elf archer (D:14)
  6 deep elf pyromancers
  14 ugly things
  4 orc sorcerers
  2 orc knights
  7 manticores
  5 cyclopes
  12 elephants
  A merfolk siren (Lair:3)
  4 black mambas
  4 centaur skeletons (D:14)
  A torpor snail (Lair:3)
  13 cane toads
  4 kobold demonologists
  An efreet (D:13)
  2 rime drakes
  8 komodo dragons
  9 trolls
  6 polar bears
  A hornet (D:7)
  10 dream sheep
  19 blink frogs
  A shadow (D:13)
  A vampire (D:11)
  58 yaks
  6 wraiths
  4 wyverns
  4 steam dragons
  4 fire elementals (D:12)
  4 basilisks
  Menkaure (D:7)
  5 wargs
  An acid dragon (D:12)
  17 water moccasins
  2 hell hounds (D:12)
  2 ice beasts
  A sky beast (D:8)
  18 orc warriors
  A sky beast (shapeshifter) (D:14)
  2 hornet zombies (Ossuary)
  11 ogres
  3 black bears
  5 boggarts
  5 wolves (Lair:1)
  18 centaurs
  A phantom (D:5)
  4 kobold brigands
  8 bullfrogs
  3 water moccasin zombies (Ossuary)
  2 gnoll sergeants
  6 scorpions
  2 necrophages
  2 wyvern zombies (Ossuary)
  3 wights (D:6)
  11 killer bees
  An electric eel (D:11)
  2 howler monkeys (D:10)
  6 bullfrog zombies (Ossuary)
  A lava snake (D:11)
  A jelly (D:6)
  19 orc priests
  4 centaur zombies (Ossuary)
  2 hounds
  3 iguanas
  33 orc wizards
  4 killer bee zombies (Ossuary)
  14 mummies (Ossuary)
  3 howler monkey zombies (Ossuary)
  8 gnolls
  10 adders
  A river rat (Lair:2)
  A shadow imp (D:8)
  3 white imps
  4 worms
  59 orcs
  10 ball pythons
  9 endoplasms
  5 giant cockroaches
  8 goblins
  3 hobgoblins
  3 jackals (D:3)
  8 quokkas
  4 bats
  2 frilled lizards (D:2)
  A goblin zombie (D:6)
  11 kobolds
  An orc zombie (D:6)
  14 rats
676 creatures vanquished.

Vanquished Creatures (collateral kills)
  2 death yaks (Lair:5)
  A manticore (Lair:5)
  A polar bear (Lair:5)
  A blink frog (Lair:5)
  A fire elemental (D:12)
  4 yaks (Lair:5)
  A basilisk (Lair:5)
11 creatures vanquished.

Vanquished Creatures (others)
  A boggart (D:13)
  2 orc wizards (Orc:2)
  4 orcs (Orc:2)
  7 fungi
  39 plants
  3 withered plants (Ossuary)
56 creatures vanquished.

Grand Total: 743 creatures vanquished

Notes
Turn   | Place    | Note
-------+----------+-------------------------------------------
     0 | D:1      | jejorda2 the Merfolk Berserker began the quest for the Orb.
     0 | D:1      | Reached XP level 1. HP: 18/18 MP: 1/1
   145 | D:1      | Found a faded altar of an unknown god.
   166 | D:1      | Reached XP level 2. HP: 16/24 MP: 2/2
   629 | D:1      | Reached XP level 3. HP: 21/29 MP: 3/3
  1170 | D:2      | Reached ** piety under Trog
  1408 | D:2      | Reached XP level 4. HP: 36/36 MP: 4/4
  1662 | D:2      | Reached skill level 5 in Polearms
  2184 | D:3      | Found an iron altar of Okawaru.
  2415 | D:3      | Reached *** piety under Trog
  2587 | D:3      | Reached XP level 5. HP: 42/42 MP: 5/5
  2856 | D:4      | Noticed a black bear
  2864 | D:4      | Killed a black bear
  2865 | D:4      | Reached skill level 6 in Polearms
  2865 | D:4      | Reached skill level 5 in Dodging
  2865 | D:4      | Reached XP level 6. HP: 48/48 MP: 6/6
  3171 | D:4      | Reached XP level 7. HP: 55/55 MP: 7/7
  3358 | D:5      | Entered Level 5 of the Dungeon
  3417 | D:5      | Reached skill level 7 in Polearms
  3454 | D:5      | Found a snail-covered altar of Cheibriados.
  3628 | D:5      | Found a burning altar of Makhleb.
  3631 | D:5      | Noticed an Executioner
  3634 | D:5      | Found a glowing silver altar of Zin.
  3634 | D:5      | Noticed an angel
  3688 | D:5      | Reached skill level 5 in Fighting
  3794 | D:5      | Reached skill level 8 in Polearms
  3902 | D:5      | Identified the +3 ring mail of Caewed {rF++ rN+}
  3920 | D:5      | Found a white marble altar of Elyvilon.
  4160 | D:5      | Found an ornate altar of the Wu Jian Council.
  4248 | D:5      | Reached XP level 8. HP: 61/62 MP: 8/8
  4281 | D:5      | Found a shimmering altar of Xom.
  4503 | D:6      | Reached skill level 9 in Polearms
  4517 | D:6      | Identified a scroll of acquirement
  4517 | D:6      | Acquired the +0 pair of gloves of Renluci {rElec Regen+
                  | Str+4 Dex+4}
  4646 | D:6      | Found a sand-covered staircase.
  4674 | Ossuary  | Entered an ossuary
  4751 | Ossuary  | Reached skill level 10 in Polearms
  4813 | Ossuary  | Reached **** piety under Trog
  4835 | Ossuary  | Reached XP level 9. HP: 69/69 MP: 9/9
  4886 | Ossuary  | Reached skill level 11 in Polearms
  5062 | Ossuary  | Reached skill level 12 in Polearms
  5155 | D:6      | Reached skill level 5 in Armour
  5565 | D:6      | Found a stormy altar of Qazlal.
  5752 | D:6      | Reached skill level 13 in Polearms
  6064 | D:7      | Noticed a hornet
  6065 | D:7      | Noticed Menkaure
  6076 | D:7      | Killed a hornet
  6077 | D:7      | Reached XP level 10. HP: 76/76 MP: 10/10
  6078 | D:7      | Killed Menkaure
  6114 | D:7      | Found a broken altar of Ashenzari.
  6345 | D:7      | Found a staircase to the Ecumenical Temple.
  6474 | D:7      | Reached skill level 14 in Polearms
  6740 | D:8      | Reached skill level 1 in Throwing
  6997 | D:8      | Reached skill level 15 in Polearms
  7067 | D:8      | Found an ancient bone altar of Kikubaaqudgha.
  7230 | D:8      | Found a glowing golden altar of the Shining One.
  7675 | D:9      | Noticed a kobold demonologist
  7685 | D:9      | Noticed a rust devil
  7698 | D:9      | Noticed an orange demon
  7702 | D:9      | Killed a kobold demonologist
  7768 | D:9      | Noticed Erica
  7779 | D:9      | Killed Erica
  7780 | D:9      | Reached skill level 16 in Polearms
  7780 | D:9      | Reached XP level 11. HP: 81/81 MP: 11/11
  7847 | D:9      | Noticed a two-headed ogre
  7856 | D:9      | Killed a two-headed ogre
  7857 | D:9      | Reached skill level 5 in Throwing
  8068 | D:9      | Reached ***** piety under Trog
  8259 | D:9      | Reached skill level 1 in Evocations
  8368 | D:9      | Found a hazy altar of Hepliaklqana.
  8405 | D:10     | Entered Level 10 of the Dungeon
  8576 | D:10     | Noticed a two-headed ogre
  8584 | D:10     | Killed a two-headed ogre
  8720 | D:10     | Noticed a two-headed ogre
  8728 | D:10     | Noticed a cyclops
  8731 | D:10     | Killed a two-headed ogre
  8732 | D:10     | Reached skill level 17 in Polearms
  8745 | D:10     | Killed a cyclops
  8954 | D:10     | Found a hide-covered altar of Uskayaw.
  8959 | D:10     | Noticed a +0 dagger
  8959 | D:10     | Noticed a +0 hand axe
  9367 | D:11     | Noticed Erolcha
  9375 | D:11     | Killed Erolcha
  9376 | D:11     | Reached skill level 5 in Evocations
  9499 | D:11     | Noticed a two-headed ogre
  9506 | D:11     | Killed a two-headed ogre
  9606 | D:11     | Noticed a sixfirhy
  9627 | D:11     | Noticed a boulder beetle
  9636 | D:11     | Reached XP level 12. HP: 82/88 MP: 12/12
  9666 | D:11     | Killed a boulder beetle
  9667 | D:11     | Reached skill level 18 in Polearms
  9696 | D:11     | Found a staircase to the Lair.
  9696 | D:11     | Noticed a two-headed ogre
  9703 | D:11     | Killed a two-headed ogre
  9997 | D:11     | Reached skill level 19 in Polearms
 10101 | D:11     | Found a transporter.
 10101 | D:11     | Identified the +6 great mace "Cief" {vorpal, *Rage rElec
                  | rPois Str+4}
 10101 | D:11     | Identified the +6 giant club of Reapportionment {freeze,
                  | rF+ rN+}
 10101 | D:11     | Noticed a two-headed ogre
 10101 | D:11     | Noticed Uloiphit's ghost (journeyman GrEE)
 10101 | D:11     | Noticed a two-headed ogre
 10102 | D:11     | Found a transporter.
 10102 | D:11     | Noticed a two-headed ogre
 10103 | D:11     | Noticed a two-headed ogre
 10103 | D:11     | Noticed a two-headed ogre
 10260 | D:11     | Killed a two-headed ogre
 10266 | D:11     | Killed a two-headed ogre
 10272 | D:11     | Killed a two-headed ogre
 10327 | D:11     | Killed a two-headed ogre
 10332 | D:11     | Killed a two-headed ogre
 10333 | D:11     | Reached skill level 20 in Polearms
 10338 | D:11     | Killed Uloiphit's ghost
 10562 | D:12     | Found a staircase to the Orcish Mines.
 10802 | D:12     | Noticed Jorgrun
 10821 | D:12     | Killed Jorgrun
 10822 | D:12     | Reached XP level 13. HP: 63/95 MP: 13/13
 10976 | D:12     | Noticed Azrael
 11000 | D:12     | Killed Azrael
 11290 | D:12     | Noticed Josephine
 11295 | D:12     | Killed Josephine
 11641 | Lair:1   | Entered Level 1 of the Lair of Beasts
 11689 | Lair:1   | Noticed Harold
 11707 | Lair:1   | Killed Harold
 11940 | Lair:1   | You fall into a shaft and drop 1 floor!
 13130 | Lair:2   | Reached skill level 10 in Throwing
 13337 | Lair:2   | Reached XP level 14. HP: 96/106 MP: 14/14
 13659 | Lair:2   | Found the amulet of Elemental Vulnerability {rPois rF--
                  | rC-- AC+8}
 13914 | Lair:3   | Noticed Urug
 13930 | Lair:3   | Killed Urug
 13972 | Lair:3   | Reached skill level 10 in Dodging
 14009 | Lair:3   | Found a staircase to the Snake Pit.
 14329 | Lair:3   | Noticed Nergalle
 14340 | Lair:3   | Killed Nergalle
 14406 | Lair:3   | Found a staircase to the Shoals.
 15318 | Lair:4   | Received a gift from Trog
 16149 | Lair:4   | Reached skill level 10 in Fighting
 16208 | Lair:5   | Entered Level 5 of the Lair of Beasts
 16796 | Lair:5   | Reached XP level 15. HP: 112/117 MP: 15/15
 16951 | Lair:5   | Found a staircase to the Slime Pits.
 16956 | Lair:5   | Found a viscous altar of Jiyva.
 17222 | Lair:5   | Received a gift from Trog
 18053 | D:13     | Noticed Rupert
 18064 | D:13     | Killed Rupert
 18184 | D:13     | Identified the amulet of the Priest {rElec Regen+}
 18875 | D:14     | You fall into a shaft and drop 1 floor!
 18875 | D:15     | Entered Level 15 of the Dungeon
 18917 | D:15     | Found a shadowy altar of Dithmenos.
 19024 | D:15     | Reached skill level 15 in Throwing
 19875 | D:15     | Found a staircase to the Depths.
 20008 | D:14     | Reached XP level 16. HP: 129/129 MP: 16/16
 20194 | D:14     | Identified the ring "Byusuerph" {rF+ rC- Will+ Stlth+}
 20276 | D:14     | Found a sparkling altar of Nemelex Xobeh.
 20331 | D:14     | Found Vaytrioc's Weapon Emporium.
 20437 | D:14     | Received a gift from Trog
 20540 | D:14     | Noticed Roxanne
 20563 | D:14     | Killed Roxanne
 20760 | D:14     | Found a gate to the Vaults.
 20969 | D:14     | Bought 6 boomerangs for 36 gold pieces
 21069 | Orc:1    | Entered Level 1 of the Orcish Mines
 21224 | Orc:1    | Found Heawis's Assorted Antiques.
 21439 | Orc:2    | Entered Level 2 of the Orcish Mines
 21641 | Orc:2    | Noticed HypermagicGuardian's ghost (journeyman MiFi)
 21645 | Orc:2    | Found a runed translucent door.
 22027 | Orc:2    | Reached ****** piety under Trog
 22076 | Orc:2    | Reached skill level 21 in Polearms
 22201 | Orc:2    | Found a staircase to the Elven Halls.
 22220 | Orc:2    | Identified the +9 halberd "Murmur" {flame, Drain rElec rF+
                  | Will+} (Trog gifted it to you on level 2 of the Orcish
                  | Mines)
 22220 | Orc:2    | Received a gift from Trog
 22234 | Orc:2    | Killed from afar by an orc priest

Illustrated notes

Levels and vault maps discovered:
D:1:      heliophobic_arrival_battle_scene, layout_basic,
          serial_co_window_serial, co_window_cross_1, co_window_corner_a,
          co_window_paths_a, co_window_cross_1, co_window_corner_a,
          co_window_of_opportunity_a, co_window_paths_a, co_window_corner_a,
          co_window_paths_a, co_window_broadway_b, co_window_broadway_c,
          co_window_corner_b, co_window_of_opportunity_b,
          co_window_unsneaky_path_a, co_window_corner_cb, co_window_paths_d,
          glass_columns_a, dreamdust_ecumenical_altar_statues
D:2:      layout_basic, minmay_fractal_squares_5
D:3:      layout_loops_ring, mainiacjoe_overflow_small_starburst
D:4:      layout_rooms, kennysheep_generic_room_15
D:5:      layout_cave_pods, grunt_temple_overflow_order_and_chaos_2,
          mainiacjoe_overflow_paths, amcnicky_altar_gilded,
          mainiacjoe_overflow_chevrons, overflow_temple_1_default,
          eino_tiny_chamber
D:6:      layout_basic, general_overflow_altar, enter_ossuary_3,
          chequers_hall_statues_wall_a
D:7:      layout_basic, ashenzari_conservatory_becter,
          minmay_temple_entry_enclosed_plants, uniq_menkaure
D:8:      layout_basic, mainiacjoe_overflow_surrounded_room,
          mainiacjoe_overflow_concentric_impassable
D:9:      layout_roguey, lemuel_coloured_pillars_altar, uniq_erica
D:10:     minmay_razor_zed, layout_loops_ring, dancing_weapons_uskayaw
D:11:     layout_loops_cross, lair_entry_dummy, gammafunk_ghost_smash,
          nicolae_lava_and_water, uniq_erolcha
D:12:     layout_loops_corners, orc_0_dummy, drop_trap, uniq_jorgrun,
          uniq_azrael, uniq_josephine
D:13:     layout_cave_pools, uniq_rupert
D:14:     layout_loops_cross, hangedman_vaults_entry_quadrant_bands,
          serial_shops, nicolae_take_the_stairs, nemelex_lonely_heart_becter,
          uniq_roxanne
D:15:     grunt_enter_depths_snipers, layout_irregular_city,
          minmay_misc_feat_columns, nicolae_dithmenos_shadow_blocks
Lair:1:   layout_cave_shapes, minivault_25, minmay_shattered_shrine, uniq_harold
Lair:2:   layout_concentric_octagons, pond
Lair:3:   layout_layer_cave, minmay_shoals_entry_lonely_mermaid,
          minmay_snake_entry_six_corridors, uniq_nergalle, uniq_urug
Lair:4:   layout_cave_pods, hibernation_bobbens
Lair:5:   evilmike_catoblepas_cave, layout_regular_city, slime_entry_1,
          lemuel_fruit_fields
Orc:1:    layout_diamond_mine, serial_shops, nicolae_shop_hallway_plus
Orc:2:    st_orc_mages, layout_diamond_mine, hellmonk_ghost_happy_afterlife

Skill      XL: |  1  2  3  4  5  6  7  8  9 10 11 12 13 14 15 16 |
---------------+-------------------------------------------------+-----
Dodging        | 3 4 5 6 7 9 10 | 10.9
Polearms       | 5 6 8 10 13 16 17 20 21 | 21.1
Armour         | 2 3 4 5 6 7 |  7.9
Fighting       | 4 5 6 8 10 12 13 | 13.3
Throwing       | 4 6 7 10 13 15 16 | 16.0
Evocations     | 5 6 |  6.0

Action                   |  1- 3 |  4- 6 |  7- 9 | 10-12 | 13-15 | 16-18 || total
-------------------------+-------+-------+-------+-------+-------+-------++-------
Melee: Spear             |   137 |   170 |    47 |       |       |       ||   354
       Punch             |     1 |     1 |     6 |     2 |    15 |     5 ||    30
       Trident           |       |       |   440 |   219 |       |       ||   659
       Tailslap          |       |       |     5 |     1 |     2 |       ||     8
       Halberd           |       |       |       |   379 |   140 |       ||   519
       Glaive            |       |       |       |       |   311 |       ||   311
       Demon trident     |       |       |       |       |   915 |   111 ||  1026
       Bardiche          |       |       |       |       |       |   287 ||   287
Throw: Stone             |       |     1 |       |     2 |       |       ||     3
       Dart              |       |       |       |    10 |    22 |    12 ||    44
       Javelin           |       |       |       |     5 |       |       ||     5
Invok: Berserk           |     1 |     3 |     5 |    11 |    22 |       ||    42
       Trog's Hand       |       |       |     2 |     7 |     4 |     2 ||    15
       Brothers in Arms  |       |       |       |     1 |     3 |       ||     4
Evoke: Wand              |       |       |       |     2 |       |       ||     2
       Lightning rod     |       |       |       |       |     2 |       ||     2
  Use: Scroll            |       |       |    24 |     5 |     4 |       ||    33
 Stab: Distracted        |       |       |     2 |     1 |       |     2 ||     5
       Sleeping          |       |       |       |     1 |     2 |       ||     3
       Petrifying        |       |       |       |       |     4 |       ||     4
       Petrified         |       |       |       |       |     4 |       ||     4
Armor: Scale mail        |    41 |    42 |    38 |       |       |       ||   121
       Ring mail         |       |       |   109 |   148 |   375 |    68 ||   700
Dodge: Dodged            |    56 |    60 |   245 |   255 |   671 |   219 ||  1506

Table legend: (Time is in decaauts)
 A = Elapsed time spent in this place.
 B = Non-inter-level travel time spent in this place.
 C = Inter-level travel time spent in this place.
 D = Time resting spent in this place.
 E = Time spent auto-exploring this place.
 F = Levels seen in this place.
 G = Mean time per level.
                   A        B        C        D        E       F      G
               +--------+--------+--------+--------+--------+-----+--------+
         Total |  21619 |  20118 |   1501 |   1879 |  13901 |  23 |  940.0 |
       Dungeon |  14164 |  13107 |   1057 |   1274 |   9165 |  15 |  944.3 |
          Lair |   5927 |   5571 |    356 |    605 |   3922 |   5 | 1185.4 |
  Orcish Mines |   1130 |   1043 |     87 |      0 |    682 |   2 |  565.0 |
       Ossuary |    397 |    397 |      0 |      0 |    131 |   1 |  397.0 |
               +--------+--------+--------+--------+--------+-----+--------+

Top non-repeatable levels by time:
  Lair:5: 1408 daAuts
    D:12: 1342 daAuts
  Lair:3: 1342 daAuts
  Lair:1: 1266 daAuts
    D:15: 1163 daAuts
     D:5: 1162 daAuts
     D:1: 1126 daAuts
    D:10: 1098 daAuts
  Lair:4: 1070 daAuts
     D:6: 1070 daAuts
    D:11: 1061 daAuts
     D:2: 990 daAuts
     D:9: 896 daAuts
    D:14: 892 daAuts
     D:8: 858 daAuts
